 Dungeon Crawl Stone Soup version 0.28.0-53-g5a82cb258f (webtiles) character file.

Game seed: 5564061947579884078

142 Tirrikindir the Skirmisher (level 5, -9/35 (36) HPs)
             Began as an Octopode Fighter on June 18, 2022.
             Was a Follower of Wu Jian.
             Mangled by Grinder (16 damage)
             ... on level 3 of the Dungeon.
             The game lasted 00:07:39 (2579 turns).

Tirrikindir the Skirmisher (Octopode Fighter)       Turns: 2579, Time: 00:07:39

HP:   -9/35 (36)    AC:  1    Str: 15    XL:     5   Next: 24%
MP:   5/5           EV: 13    Int: 11    God:    Wu Jian [*.....]
Gold: 131           SH:  5    Dex: 13    Spells: 4/4 levels left

rFire   . . .      SeeInvis .   a - +0 long sword
rCold   . . .      Faith    .   b - +0 buckler
rNeg    . . .      Spirit   .   (helmet restricted)
rPois   .          Reflect  .   (no amulet)
rElec   .          Harm     .   (no ring)
rCorr   .          Rampage  .   (no ring)
Will    .....                   (no ring)
Stlth   +++.......              (no ring)
HPRegen 0.11/turn               (no ring)
MPRegen 0.09/turn               (no ring)
                                (no ring)
                                (no ring)

@: attractive, lightly drained
A: almost no armour, amphibious, 8 rings, camouflage 1, gelatinous body 1,
(nimble swimmer 1), tentacles
a: Renounce Religion


You were on level 3 of the Dungeon.
You worshipped Wu Jian.
Wu Jian was aware of your devotion.
You visited 1 branch of the dungeon, and saw 3 of its levels.

You collected 145 gold pieces.
You spent 14 gold pieces at shops.

Inventory:

Hand Weapons
 a - a +0 long sword (weapon)
 i - a +1 dagger of draining
Armour
 b - a +0 buckler (worn)
Scrolls
 d - a scroll of identify {unknown}
 h - a scroll of blinking {unknown}
Potions
 e - a potion of mutation {unknown}
 g - a potion of attraction


   Skills:
 + Level 3.6 Fighting
 * Level 3.4 Long Blades
 + Level 3.5 Dodging
 + Level 2.4 Stealth
 + Level 3.5 Shields


You had 4 spell levels left.
You didn't know any spells.
Your spell library was empty.

Dungeon Overview and Level Annotations

Branches:
Dungeon (3/15)

Altars:
Wu Jian

Shops:
D:2 !

Annotations:
D:3 Grinder


Innate Abilities, Weirdness & Mutations

You cannot wear most types of armour.
You are amphibious.
You can wear up to eight rings at the same time.
Your skin changes colour to match your surroundings (Stealth+).
Your rubbery body absorbs attacks. (AC +1, EV +1)
((You are camouflaged when in or above water. (Stealth+)))
You have tentacles for arms and can constrict up to eight enemies at once.


Message History

You slash the worm!
You kill the worm!
The Council accepts your kill.
Found a war axe.
Found a stone staircase leading down.
Grinder comes into view.
It was a potion of curing.
You feel better.
Found a robe and a scroll labelled LOHUKHL MOAMI.
Grinder shouts!
Grinder blinks!
You see here a +0 war axe.
You spin and attack Grinder.
You closely miss Grinder. You grab Grinder.
You constrict Grinder, but do no damage.
Grinder drinks a potion.
Grinder seems to grow stronger.
You release your grip on Grinder.
You spin to attack Grinder, but your attack speed is too slow for a blow to land.
Grinder gestures at you. Pain shoots through your body!
You spin and attack Grinder.
You hit Grinder. Your grab misses Grinder.
Grinder is lightly wounded.
You block Grinder's attack.
There is a stone staircase leading down here.
You spin and attack Grinder.
You hit Grinder. Your grab misses Grinder.
Grinder is moderately wounded.
Grinder grins, showing sharp teeth.
Grinder hits you!
* * * LOW HITPOINT WARNING * * *
You writhe in agony.
* * * LOW HITPOINT WARNING * * *
You see here a +0 war axe.
You feel better. You block Grinder's attack.
You aren't carrying any items that you can evoke.
It was a potion of attraction.
You feel attractive to monsters. Grinder gestures at you.
Pain shoots through your body!
* * * LOW HITPOINT WARNING * * *
You closely miss Grinder. You grab Grinder.
Grinder is moderately wounded.
You constrict Grinder. Grinder hits you!
You die...

########### ####
#.........# ##...
#.?.......# #....
#.........# #.....
#..[......# #.....
#.........### ##.....
#............ .......
#####.# .# ##.....
#...@.##.# ##....
#...5>...### #.....
#..........##.##..<..
#####.####.##.)......
#.####.####......
#...##.####......
###..............
###.#.....#....
#.#.###......


You could see Grinder (strong).

Vanquished Creatures
  4 gnolls (D:2)
  An adder (D:2)
  5 worms
  3 dart slugs
  An orc (D:3)
  5 ball pythons
  2 endoplasms
  5 giant cockroaches
  8 goblins
  9 hobgoblins
  8 jackals
  5 bats
  5 frilled lizards
  6 kobolds
  3 rats
70 creatures vanquished.

Notes
Turn   | Place    | Note
-------+----------+-------------------------------------------
     0 | D:1      | Tirrikindir the Octopode Fighter began the quest for the
                  | Orb.
     0 | D:1      | Reached XP level 1. HP: 16/16 MP: 1/1
     5 | D:1      | Noticed an anaconda
    12 | D:1      | Noticed a black mamba
   207 | D:1      | Reached XP level 2. HP: 15/21 MP: 2/2
   227 | D:1      | Reached skill level 1 in Stealth
   606 | D:1      | Reached XP level 3. HP: 24/26 MP: 3/3
  1165 | D:2      | Reached XP level 4. HP: 29/31 MP: 4/4
  1178 | D:2      | Found Nocs's Distillery.
  1184 | D:2      | Bought a potion of degeneration for 14 gold pieces
  1925 | D:2      | Reached XP level 5. HP: 36/36 MP: 5/5
  2511 | D:3      | Found a faded altar of an unknown god.
  2519 | D:3      | Prayed at the altar of an unknown god.
  2519 | D:3      | Became a worshipper of the Wu Jian Council
  2519 | D:3      | Reached * piety under Wu Jian
  2566 | D:3      | Noticed Grinder
  2579 | D:3      | Mangled by Grinder

Illustrated notes

Levels and vault maps discovered:
D:1:      sevenhm_arrival_forest_fort_small_2, layout_basic,
          nicolae_figureground_pulse
D:2:      minmay_door_path, layout_rooms, serial_co_window_serial,
          co_window_paths_a, co_window_paths_a, co_window_corner_a,
          co_window_corner_a, co_window_paths_a, co_window_paths_b,
          co_window_corner_a, co_window_broadway_b, co_window_broadway_c,
          co_window_unsneaky_path_e, co_window_2corner, co_window_corner_b,
          glass_columns_c, glass_columns_a, serial_shops, shop, st_stairs_10,
          minmay_between
D:3:      layout_rooms, ebering_ecumenical_altar_abandoned, uniq_grinder

Skill      XL: |  1  2  3  4 |
---------------+-------------+-----
Stealth        | 1 2 |  2.4
Long Blades    | 3 |  3.4
Fighting       | |  3.6
Dodging        | |  3.5
Shields        | |  3.5

Action                   |  1- 3 |  4- 6 || total
-------------------------+-------+-------++-------
Melee: Long sword        |    71 |    59 ||   130
       Constrict         |    22 |    18 ||    40
       Tentacles         |     7 |     9 ||    16
       Punch             |     1 |       ||     1
Invok: Whirlwind         |       |     3 ||     3
       Lunge             |       |     1 ||     1
  Use: Scroll            |     1 |     1 ||     2
       Potion            |       |     4 ||     4
 Stab: Sleeping          |     2 |    13 ||    15
Armor: Skin              |     1 |     5 ||     6
Dodge: Dodged            |    41 |    22 ||    63
Block: Buckler           |    20 |     8 ||    28
